 Dungeon Crawl Stone Soup version 0.26-a0-712-ga5a9c9c9d0 (webtiles) character file.

Game seed: 2104949569839289793

808 Azzok the Cleaver (level 7, 0/52 HPs)
             Began as a Demonspawn Berserker on Nov 9, 2020.
             Was a Priest of Trog.
             Succumbed to a killer bee's poison
             ... on level 5 of the Dungeon.
             The game lasted 00:05:22 (4979 turns).

Azzok the Cleaver (Demonspawn Berserker)            Turns: 4979, Time: 00:05:22

Health: 0/52       AC: 11    Str: 19    XL:     7   Next: 60%
Magic:  1/7        EV: 10    Int:  9    God:    Trog [***...]
Gold:   301        SH:  0    Dex: 12    Spells: 6/6 levels left

rFire    + . .     SeeInvis .   a - +4 quarterstaff (chaos)
rCold    + . .     Faith    .   (shield currently unavailable)
rNeg     . . .     Spirit   +   b - +0 scale mail of Mysticism {rF+ rCorr} (curse)
rPois    .         Reflect  .   i - +0 helmet
rElec    .         Harm     .   f - +0 cloak
rCorr    +         Rampage  .   e - +0 pair of gloves
MR       .....                  (no boots)
Stlth    +.........             g - amulet of guardian spirit
HPRegen  0.17/turn              l - ring of protection from cold
MPRegen  0.10/turn              p - ring of stealth

@: lethally poisoned (0 -> -7), berserk cooldown, slowed, very slow
A: hooves 1, icy blue scales 1, powered by pain 2
a: Berserk, Trog's Hand, Renounce Religion


You were on level 5 of the Dungeon.
You worshipped Trog.
Trog was most pleased with you.
You visited 1 branch of the dungeon, and saw 5 of its levels.

You collected 301 gold pieces.

Inventory:

Hand Weapons
 a - a +4 quarterstaff of chaos (weapon)
 n - a +0 war axe
Missiles
 k - 3 javelins (quivered)
Armour
 b - the cursed +0 scale mail of Mysticism (worn) {rF+ rCorr}
   (You found it on level 4 of the Dungeon)

   It protects you from fire.
   It provides partial protection from all sources of acid and corrosion.
   It has a curse placed upon it.
 e - a +0 pair of gloves (worn)
 f - a +0 cloak (worn)
 i - a +0 helmet (worn)
Jewellery
 g - an amulet of guardian spirit (around neck)
 l - a ring of protection from cold (left hand)
 p - a ring of stealth (right hand)
Wands
 o - a wand of disintegration (13)
Scrolls
 c - 2 scrolls of enchant weapon
 q - a scroll of identify
 r - a scroll of teleportation {unknown}
Potions
 h - a potion of cancellation
 m - a potion of mutation {!q}


   Skills:
 - Level 3.0 Fighting
 + Level 8.3 Axes
 - Level 1.7 Armour
 - Level 1.7 Dodging


You had 6 spell levels left.
You didn't know any spells.
Your spell library was empty.

Dungeon Overview and Level Annotations

Branches:
Dungeon (5/15)             Temple (0/1) D:4

Altars:
Fedhas
Kikubaaqudgha
Xom

Annotations:
D:5 2 transporters, louiscrawler's ghost, amateur DsFE


Innate Abilities, Weirdness & Mutations

You have large cloven feet.
You are partially covered in icy blue scales. (AC +2)
You sometimes gain power by taking damage.


Message History

You feel sick.
The killer bee stings you but does no damage. x2
Okay, then.
Okay, then.
You sock the killer bee! You drain the killer bee.
The killer bee is severely wounded.
* * * LOW HITPOINT WARNING * * *
You feel sick. The killer bee stings you.
* * * LOW HITPOINT WARNING * * *
The killer bee misses you. The killer bee closely misses you.
The killer bee stings you but does no damage.
You miss the killer bee. Your kick misses the killer bee.
The killer bee is severely wounded.
* * * LOW HITPOINT WARNING * * *
You feel sick.
The killer bee stings you but does no damage. x3
The killer bee barely misses you.
You closely miss the killer bee.
The killer bee is severely wounded.
You die...

▒▒▒▒···▒▒···▒▒▒▒▒·▒▒▒▒▒▒▒▒▒
·····▒▒▒▒···▒ ▒·········▒
▒▒▒·▒▒▒▒▒···▒▒▒▒▒·▒▒▒▒▒▒▒·▒
▒▒▒·▒·····················
······▒··▒················
·▒▒·▒·>···▒▒············▒▒
·▒▒·▒▒▒▒··▒·▒··········▒·▒··
·▒▒········▒·▒▒······▒▒·▒···
·▒▒▒▒▒▒▒····▒▒·▒@···▒·▒ ····
·▒ ▒····▒·▒y▒▒▒▒·▒·▒···· ·▒
▒·····▒·▒▒··▒▒·▒····· ·▒
▒······▒▒····▒▒······ ··
▒·······y············
▒····················
▒·······▒▒····▒▒······
╬······▒·▒▒··▒▒ ·····
▒·····▒·▒·▒▒▒▒ ····


You could see a killer bee (drained).

Vanquished Creatures
  A sky beast (D:5)
  2 ogres
  4 killer bees (D:5)
  A centaur skeleton (D:4)
  An orc priest (D:4)
  3 hounds
  Crazy Yiuf (D:4)
  3 worker ants (D:4)
  3 adders
  An ooze (D:3)
  A worm (D:3)
  2 dart slugs (D:1)
  A leopard gecko (D:1)
  4 orcs
  A ball python (D:1)
  6 giant cockroaches
  10 goblins
  7 hobgoblins
  13 kobolds
  2 quokkas
  10 bats
  3 frilled lizards
  A leopard gecko skeleton (D:5)
  11 rats
92 creatures vanquished.

Notes
Turn   | Place    | Note
-------+----------+-------------------------------------------
     0 | D:1      | Azzok the Demonspawn Berserker began the quest for the Orb.
     0 | D:1      | Reached XP level 1. HP: 18/18 MP: 1/1
    80 | D:1      | Reached skill level 3 in Axes
   373 | D:1      | Gained mutation: You sometimes gain a little power by
                  | taking damage. [demonic ancestry]
   373 | D:1      | Reached XP level 2. HP: 24/24 MP: 2/2
   812 | D:1      | Reached ** piety under Trog
   843 | D:1      | Reached XP level 3. HP: 20/29 MP: 3/3
  1341 | D:1      | Reached skill level 4 in Axes
  2014 | D:2      | Gained mutation: You have large cloven feet. [demonic
                  | ancestry]
  2014 | D:2      | Reached XP level 4. HP: 35/35 MP: 4/4
  2642 | D:3      | Reached skill level 5 in Axes
  2653 | D:3      | Reached *** piety under Trog
  2700 | D:3      | Found a blossoming altar of Fedhas.
  3081 | D:3      | Found a faded altar of an unknown god.
  3233 | D:4      | Got a bloodstained scale mail
  3236 | D:4      | Gained mutation: You sometimes gain power by taking damage.
                  | [demonic ancestry]
  3236 | D:4      | Reached XP level 5. HP: 38/41 MP: 5/5
  3882 | D:4      | Reached skill level 6 in Axes
  3891 | D:4      | Noticed an ogre
  3892 | D:4      | Found a staircase to the Ecumenical Temple.
  3909 | D:3      | Killed an ogre
  3909 | D:3      | Gained mutation: You are partially covered in icy blue
                  | scales. (AC +2) [demonic ancestry]
  3909 | D:3      | Reached XP level 6. HP: 39/47 MP: 6/6
  4120 | D:4      | Identified the cursed +0 scale mail of Mysticism {rF+
                  | rCorr} (You found it on level 4 of the Dungeon)
  4307 | D:4      | Found a runed translucent door.
  4308 | D:4      | Noticed Crazy Yiuf
  4320 | D:4      | Killed Crazy Yiuf
  4568 | D:4      | Reached skill level 7 in Axes
  4599 | D:4      | Found a shimmering altar of Xom.
  4599 | D:4      | Found a shimmering altar of Xom.
  4599 | D:4      | Found a shimmering altar of Xom.
  4599 | D:4      | Found a shimmering altar of Xom.
  4599 | D:4      | Found a shimmering altar of Xom.
  4600 | D:4      | Found a shimmering altar of Xom.
  4600 | D:4      | Found a shimmering altar of Xom.
  4600 | D:4      | Found a shimmering altar of Xom.
  4673 | D:5      | Entered Level 5 of the Dungeon
  4696 | D:5      | Reached XP level 7. HP: 38/52 MP: 5/7
  4830 | D:5      | Found an ancient bone altar of Kikubaaqudgha.
  4854 | D:5      | Found a transporter.
  4855 | D:5      | Noticed louiscrawler's ghost (amateur DsFE)
  4895 | D:5      | Found a transporter.
  4966 | D:5      | Reached skill level 8 in Axes
  4978 | D:5      | HP: 2/52 [poisoned by a killer bee]
  4979 | D:5      | Succumbed to a killer bee's poison

Illustrated notes

Levels and vault maps discovered:
D:1:      minmay_arrival_hallway, layout_basic
D:2:      layout_basic
D:3:      layout_basic, marbit_many_paths,
          chequers_ecumenical_altar_simple_redux
D:4:      layout_rooms, xom_redecorated, minmay_temple_entry_junction,
          uniq_crazy_yiuf_cottage
D:5:      layout_loops_corners, kennysheep_mini, gammafunk_ghost_stat_death,
          minmay_misc_feat_secret_circle

Skill      XL: |  1  2  3  4  5  6  7 |
---------------+----------------------+-----
Axes           | 3 4 5 6 7 8 |  8.3
Fighting       | |  3.0
Armour         | |  1.7
Dodging        | |  1.7

Action                   |  1- 3 |  4- 6 |  7- 9 || total
-------------------------+-------+-------+-------++-------
Melee: Hand axe          |   116 |   117 |       ||   233
       Kick              |       |    39 |     2 ||    41
       War axe           |       |    22 |       ||    22
       Quarterstaff      |       |    12 |    26 ||    38
Invok: Berserk           |     3 |     1 |     1 ||     5
  Use: Scroll            |     5 |     7 |       ||    12
       Potion            |       |     1 |     2 ||     3
Armor: Animal skin       |    16 |       |       ||    16
       Ring mail         |     6 |    58 |       ||    64
       Leather armour    |     1 |       |       ||     1
       Scale mail        |       |    15 |    32 ||    47
Dodge: Dodged            |    76 |    90 |    33 ||   199

Table legend: (Time is in decaauts)
 A = Elapsed time spent in this place.
 B = Non-inter-level travel time spent in this place.
 C = Inter-level travel time spent in this place.
 D = Time resting spent in this place.
 E = Time spent auto-exploring this place.
 F = Levels seen in this place.
 G = Mean time per level.
                   A        B        C        D        E       F      G
               +--------+--------+--------+--------+--------+-----+--------+
         Total |   5046 |   4885 |    161 |    995 |   3047 |   5 | 1009.2 |
       Dungeon |   5046 |   4885 |    161 |    995 |   3047 |   5 | 1009.2 |
               +--------+--------+--------+--------+--------+-----+--------+

Top non-repeatable levels by time:
     D:1: 1732 daAuts
     D:3: 1290 daAuts
     D:4: 1004 daAuts
     D:2: 704 daAuts
     D:5: 313 daAuts
